 Dungeon Crawl Stone Soup version 0.21.1-1-g345015f (console) character file.

114 fly the Chopper (level 4, -1/48 HPs)
             Began as an Ogre Berserker on May 24, 2018.
             Was a Believer of Trog.
             Slain by a jackal (2 damage)
             ... on level 2 of the Dungeon.
             The game lasted 00:03:20 (1189 turns).

fly the Chopper (Ogre Berserker)                    Turns: 1189, Time: 00:03:20

Health: -1/48      AC:  3    Str: 21    XL:     4   Next: 97%
Magic:  4/4        EV: 10    Int:  8    God:    Trog [**....]
Gold:   107        SH:  0    Dex:  9    Spells: 3/3 levels left

rFire    . . .     SeeInvis .   a - +0 hand axe
rCold    . . .     Gourm    .   (no shield)
rNeg     . . .     Faith    .   y - +0 animal skin
rPois    .         Spirit   .   e - +0 hat
rElec    .         Reflect  .   (no cloak)
rCorr    .         Harm     .   (gloves unavailable)
MR       .....                  (boots unavailable)
Stlth    +.........             (no amulet)
HPRegen  0.16/turn              (no ring)
MPRegen  0.09/turn              (no ring)

@: lethally poisoned (-1 -> -2), berserk cooldown, starving, slowed, very slow
A: large, unfitting armour, tough skin 1
a: Berserk, Trog's Hand, Burn Spellbooks, Renounce Religion


You were on level 2 of the Dungeon.
You worshipped Trog.
Trog was pleased with you.
You were starving.

You visited 1 branch of the dungeon, and saw 2 of its levels.

You collected 107 gold pieces.

Inventory:

Hand Weapons
 a - a +0 hand axe (weapon)
Armour
 e - a +0 hat (worn)
 y - a +0 animal skin (worn)
Scrolls
 d - 2 scrolls of remove curse {unknown}
 g - a scroll of identify {unknown}
 k - a scroll of enchant armour {unknown}
Potions
 b - a potion of magic {unknown}
 f - a potion of mutation {unknown}
 h - 2 potions of resistance {unknown}
 i - a potion of curing {unknown}
 j - a potion of agility {unknown}
Comestibles
 c - 4 rations


   Skills:
 - Level 4.0 Fighting
 + Level 5.3 Axes
 - Level 3.0 Dodging


You had 3 spell levels left.
You didn't know any spells.

Dungeon Overview and Level Annotations

Branches:
Dungeon (2/15)

Altars:
Uskayaw


Innate Abilities, Weirdness & Mutations

You are too large for most types of armour.
You have tough skin. (AC +1)


Message History

You kill the jackal!
Trog accepts your kill.
You hit the jackal.
The jackal is moderately wounded.
The jackal barely misses you.
You barely miss the jackal.
The jackal is moderately wounded.
You are no longer berserk.
You are exhausted.
You feel yourself slow down.
The jackal bites you but does no damage.
You hit the jackal.
You kill the jackal!
Trog accepts your kill.
You feel sick. The jackal bites you.
* * * LOW HITPOINT WARNING * * *
You hit the jackal.
The jackal is heavily wounded.
The jackal bites you.
You die...

#.#
#..........#
#.#
#........###
#.#
#######.##
...
#######.#
#.#
#.......# .#
#.......#
#.......#
#.......#
#######@#
#h# ...
....# .....#
......#
.......#
........#


You could see a jackal.

Vanquished Creatures
  Natasha (D:2)
  Terence (D:2)
  2 adders (D:2)
  An ooze (D:1)
  A worm (D:2)
  A leopard gecko (D:2)
  A giant cockroach (D:1)
  3 goblins
  6 hobgoblins
  5 jackals (D:2)
  3 kobolds
  A quokka (D:2)
  3 bats (D:1)
  3 frilled lizards (D:1)
  5 rats
37 creatures vanquished.

Notes
Turn   | Place    | Note
-------+----------+-------------------------------------------
     0 | D:1      | fly the Ogre Berserker began the quest for the Orb.
     0 | D:1      | Reached XP level 1. HP: 24/24 MP: 1/1
   196 | D:1      | Reached XP level 2. HP: 20/32 MP: 2/2
   722 | D:1      | Reached XP level 3. HP: 39/39 MP: 3/3
   826 | D:2      | Found a hide-covered altar of Uskayaw.
   828 | D:2      | Noticed a dagger
   828 | D:2      | Noticed a hand axe
   884 | D:2      | Reached skill level 4 in Axes
   892 | D:2      | Noticed Natasha
   901 | D:2      | Killed Natasha
   901 | D:2      | Reached ** piety under Trog
   909 | D:2      | Reached XP level 4. HP: 39/48 MP: 4/4
  1066 | D:2      | Noticed Terence
  1074 | D:2      | Killed Terence
  1074 | D:2      | Reached skill level 5 in Axes
  1177 | D:2      | HP: 3/72 [poisoned by an adder]
  1183 | D:2      | HP: 3/72 [poisoned by an adder]
  1188 | D:2      | HP: 2/48 [poisoned by an adder]
  1189 | D:2      | Slain by a jackal

Skill      XL: |  1  2  3  4 |
---------------+-------------+-----
Dodging        | 3 |  3.0
Axes           | 4 5 |  5.3
Fighting       | |  4.0

Action                   |  1- 3 |  4- 6 || total
-------------------------+-------+-------++-------
Melee: Hand axe          |    91 |    61 ||   152
Invok: Berserk           |       |     2 ||     2
  Eat: Chunk             |       |     1 ||     1
Armor: Animal skin       |    39 |    19 ||    58
Dodge: Dodged            |    55 |    17 ||    72
